 Dungeon Sprint DCSS version 0.28-a0-1130-gc51a68064b (webtiles) character file.

Game seed: 8501398718934824952

975 rocky1 the Frost Mage (level 7, -4/40 HPs)
             Began as a Deep Elf Ice Elementalist on Dec 13, 2021.
             Was an Elder of Sif Muna.
             Slain by a shadow wraith (14 damage)
             ... in the Dungeon (Sprint VII: "The Pits").
             The game lasted 00:04:34 (467 turns).

rocky1 the Frost Mage (Deep Elf Ice Elementalist)    Turns: 467, Time: 00:04:36

Health: -4/40      AC:  2    Str:  5    XL:     7   Next: 95%
Magic:  19/22      EV: 14    Int: 22    God:    Sif Muna [****..]
Gold:   0          SH:  0    Dex: 15    Spells: 15/26 levels left

rFire   . . .      SeeInvis .   k - +2 dagger
rCold   . . .      Faith    .   (no shield)
rNeg    . . .      Spirit   .   a - +0 robe
rPois   .          Reflect  .   (no helmet)
rElec   .          Harm     .   (no cloak)
rCorr   .          Rampage  .   (no gloves)
Will    .....      NoTele   +   (no boots)
Stlth   ++........              (no amulet)
HPRegen 0.13/turn               (no ring)
MPRegen 0.18/turn               (no ring)

@: freezing walls, slowed, very slow
A: no striking features
a: Renounce Religion, Channel Magic, Forget Spell, Divine Exegesis


You were in the Dungeon.
You worshipped Sif Muna.
Sif Muna was greatly pleased with you.
You visited 1 branch

Inventory:

Hand Weapons
 k - a +2 dagger (weapon)
 l - a +2 quarterstaff of protection
 m - a +1 dagger of electrocution
 n - a +2 long sword of flaming
 o - a +1 whip of electrocution
Armour
 a - a +0 robe (worn)
Scrolls
 g - a scroll of blinking
 i - 5 scrolls of amnesia
 j - a scroll of summoning
Potions
 b - 6 potions of curing
 c - 4 potions of heal wounds
 d - a potion of haste
 e - 4 potions of magic
 f - 3 potions of berserk rage
 h - 2 potions of invisibility


   Skills:
 - Level 2.6 Fighting
 - Level 3.1 Short Blades
 - Level 4.7 Dodging
 - Level 2.4 Stealth
 - Level 10.0 Spellcasting
 + Level 8.9 Conjurations
 + Level 10.5 Ice Magic
 + Level 9.3 Invocations


You had 15 spell levels left.
You knew the following spells:

 Your Spells              Type           Power      Damage    Failure   Level
a - Freeze                Ice            100%       1d11      1%          1
b - Frozen Ramparts       Ice            100%       1d12      1%          3
c - Ozocubu's Armour      Ice            55%        N/A       1%          3
d - Hailstorm             Conj/Ice       52%        3d12      1%          4

Your spell library contained the following spells:

 Spells                   Type           Power      Damage    Failure   Level


Dungeon Overview and Level Annotations

Branches:
Dungeon (1/1)

Altars:
Ashenzari
Cheibriados
Dithmenos
Elyvilon
Fedhas
Gozag
Hepliaklqana
Kikubaaqudgha
Makhleb
Nemelex Xobeh
Okawaru
Qazlal
Ru
Sif Muna
Trog
Uskayaw
Vehumet
Wu Jian
Xom
Yredelemnul
Zin
The Shining One
Beogh
Jiyva
Lugonu


Message History

Magic restored.
You start resting.
Your icy armour starts to melt.
You start resting.
Your icy armour evaporates.
You start resting.
HP restored.
There is an open door here.
You see here a scorpion corpse.
You open the door.
You hear a chilling moan.
Deactivating autopickup; reactivate with Ctrl-A.
You hit something but do no damage. Something hits you.
Casting: Freeze (safe; 1% risk of failure)
Confirm with . or Enter, or press ? or * to list all spells.
You can't see any susceptible monsters within range! (Use Z to cast anyway.)
Casting: Freeze (safe; 1% risk of failure)
Confirm with . or Enter, or press ? or * to list all spells.
Casting: Frozen Ramparts (safe; 1% risk of failure)
Press: ? - help, Dir - look around, f - activate The walls around you are covered in ice.
The wall freezes something!
Something hits you! Something drains your vigour!
You feel yourself slow down.
Unknown command.
You closely miss something.
The wall freezes something!
Something hits you!
The wall freezes something!
Something barely misses you.
Unknown command.
You feel much better.
The wall freezes something.
Something hits you. Something drains your vigour!
You feel as though you will be slow longer.
Unknown command.
Casting: Frozen Ramparts (safe; 1% risk of failure)
Confirm with . or Enter, or press ? or * to list all spells.
Aiming: Freeze (safe; 1% risk of failure)
Press: ? - help, Shift-Dir - straight line You freeze something!
The wall freezes something!
Something hits you!!
Ouch! That really hurt!
* * * LOW HITPOINT WARNING * * *
The wall freezes something.
Something hits you!
You die...

#.#........##.......#
#[###########.......#
#.)#.#.## #########
#.......# ##.#.#.##
#.......#+#
##.#.#.##.+
#.......#'#
##.#.#..†@#
##########


There were no monsters in sight!

Vanquished Creatures
  Pikel (D)
  Prince Ribbit (D)
  A floating eye (D)
  A black bear (D)
  A centaur (D)
  3 lemures (D)
  A scorpion (D)
  A hound (D)
  An adder zombie (D)
  A worm (D)
  An endoplasm (D)
  A kobold (D)
  A quokka (D)
  2 ball pythons (D)
  A ball python skeleton (D)
  A frilled lizard (D)
19 creatures vanquished.

Notes
Turn   | Place    | Note
-------+----------+-------------------------------------------
     0 | D        | rocky1 the Deep Elf Ice Elementalist began the quest for
                  | the Orb.
     0 | D        | Reached XP level 1. HP: 10/10 MP: 6/6
    17 | D        | Reached skill level 5 in Ice Magic
    21 | D        | Found a bloodstained altar of Trog.
    21 | D        | Found a shimmering blue altar of Sif Muna.
    21 | D        | Found a viscous altar of Jiyva.
    21 | D        | Found a hazy altar of Hepliaklqana.
    21 | D        | Found an opulent altar of Gozag.
    22 | D        | Found a glowing golden altar of the Shining One.
    22 | D        | Found a glowing silver altar of Zin.
    22 | D        | Found a basalt altar of Yredelemnul.
    22 | D        | Found a shimmering altar of Xom.
    22 | D        | Found an ornate altar of the Wu Jian Council.
    22 | D        | Found a sacrificial altar of Ru.
    22 | D        | Found a stormy altar of Qazlal.
    22 | D        | Found an iron altar of Okawaru.
    22 | D        | Found a sparkling altar of Nemelex Xobeh.
    22 | D        | Found a burning altar of Makhleb.
    22 | D        | Found a blossoming altar of Fedhas.
    22 | D        | Found a white marble altar of Elyvilon.
    22 | D        | Found a shadowy altar of Dithmenos.
    22 | D        | Found a snail-covered altar of Cheibriados.
    25 | D        | Found a corrupted altar of Lugonu.
    25 | D        | Found a radiant altar of Vehumet.
    26 | D        | Found an ancient bone altar of Kikubaaqudgha.
    26 | D        | Found a hide-covered altar of Uskayaw.
    26 | D        | Found a broken altar of Ashenzari.
    27 | D        | Became a worshipper of Sif Muna the Loreminder
    66 | D        | Noticed a floating eye
    69 | D        | Paralysed by a floating eye for 2 turns
    74 | D        | Killed a floating eye
    75 | D        | Reached skill level 5 in Spellcasting
    75 | D        | Reached XP level 2. HP: 18/18 MP: 4/10
    75 | D        | Reached XP level 3. HP: 22/22 MP: 4/12
    75 | D        | Reached XP level 4. HP: 27/27 MP: 4/13
    79 | D        | Learned a level 3 spell: Frozen Ramparts
    83 | D        | Learned a level 3 spell: Ozocubu's Armour
    88 | D        | Learned a level 4 spell: Hailstorm
    94 | D        | Reached * piety under Sif Muna
   161 | D        | Noticed Prince Ribbit
   166 | D        | Killed Prince Ribbit
   166 | D        | Reached ** piety under Sif Muna
   167 | D        | Reached XP level 5. HP: 30/31 MP: 8/17
   167 | D        | Reached XP level 6. HP: 35/36 MP: 8/19
   268 | D        | Noticed Pikel
   276 | D        | Reached skill level 5 in Conjurations
   276 | D        | Reached *** piety under Sif Muna
   279 | D        | Killed Pikel
   280 | D        | Reached skill level 10 in Spellcasting
   280 | D        | Reached skill level 10 in Ice Magic
   280 | D        | Reached XP level 7. HP: 35/40 MP: 13/22
   336 | D        | Reached **** piety under Sif Muna
   467 | D        | Slain by a shadow wraith

Illustrated notes

Levels and vault maps discovered:
D:        pitsprint [storerooms_1, entrance_room_1, metal_vault_4, armoury_3,
          mini_pit_1, grid_room_1, main_hall_1, silver_pit, the_coven_1,
          the_vestibule_1, steel_vault_3, golden_pit, hallway_of_sentries,
          crystal_vault_2, iron_vault_1, final_vault]

Skill      XL: |  1  2  3  4  5  6 |
---------------+-------------------+-----
Ice Magic      | 6 8 10 | 10.5
Fighting       | 2 |  2.6
Short Blades   | 3 |  3.1
Dodging        | 4 |  4.7
Spellcasting   | 5 8 10 | 10.0
Invocations    | 3 6 9 |  9.3
Conjurations   | 4 8 |  8.9
Stealth        | |  2.4

Action                   |  1- 3 |  4- 6 |  7- 9 || total
-------------------------+-------+-------+-------++-------
Melee: Dagger            |     4 |    10 |     5 ||    19
       Unarmed           |     1 |       |       ||     1
 Cast: Freeze            |     3 |     6 |     2 ||    11
       Frozen Ramparts   |       |     2 |     3 ||     5
       Hailstorm         |       |     3 |     1 ||     4
       Ozocubu's Armour  |       |       |     2 ||     2
Invok: Channel Magic     |       |     1 |       ||     1
  Use: Potion            |       |     1 |     1 ||     2
 Stab: Sleeping          |     1 |       |       ||     1
Armor: Robe              |       |     2 |     2 ||     4
Dodge: Dodged            |     2 |    11 |     1 ||    14

Table legend: (Time is in decaauts)
 A = Elapsed time spent in this place.
 B = Non-inter-level travel time spent in this place.
 C = Inter-level travel time spent in this place.
 D = Time resting spent in this place.
 E = Time spent auto-exploring this place.
 F = Levels seen in this place.
 G = Mean time per level.
                   A        B        C        D        E       F      G
               +--------+--------+--------+--------+--------+-----+--------+
         Total |    465 |    453 |     12 |    249 |      0 |   1 |  465.0 |
       Dungeon |    465 |    453 |     12 |    249 |      0 |   1 |  465.0 |
               +--------+--------+--------+--------+--------+-----+--------+

Top non-repeatable levels by time:
       D: 465 daAuts
